[Event "Titled Tuesday Blitz August 17 2021"]
[White "Atabayev, Maksat"]
[Black "Hamley, Ryan"]
[WhiteFideId "14001101"]
[BlackFideId "30959497"]
[WhiteElo "2457"]
[BlackElo "2409"]
[Result "1-0"]
[Round "03"]
[TimeControl "180+1"]
[Date "2021.08.18"]
[WhiteClock "0:00:17"]
[BlackClock "0:00:03"]

1. e4 e5 2. Nf3 Nc6 3. Nc3 Nf6 4. Be2 Bc5 5. Nxe5 Nxe5 6. d4 Bd6 7. dxe5 Bxe5 8. Nb5 c6 9. Nd6+ Bxd6 10. Qxd6 Qe7 11. e5 Qxd6 12. exd6 O-O 13. c4 Re8 14. f3 Re6 15. Bf4 Ne8 16. Rd1 b6 17. Kf2 Bb7 18. Bd3 g6 19. Rhe1 Ng7 20. c5 bxc5 21. Bc4 Rxe1 22. Rxe1 Ne6 23. Bh6 a5 24. Re5 Ba6 25. Bxe6 fxe6 26. Rxc5 Bb5 27. a4 Bxa4 28. Rc4 Bb5 29. Rf4 Re8 30. Ke3 a4 31. Rf6 Bc4 32. Kd4 Bd5 33. Kc5 e5 34. Kb6 Be6 35. Kc7 c5 36. Rxe6 Rxe6 37. Kxd7 Kf7 38. Kc7 c4 39. d7 Re7 40. Kc6 Re6+ 41. Kc5 Ke7 42. Kxc4 Kxd7 43. Kb4 Ra6 44. Ka3 Ke6 45. Bd2 Kd5 46. Bc3 e4 47. fxe4+ Kxe4 48. h4 Kf4 49. Be1 Ke3 50. g4 Kf3 51. g5 Re6 52. Bc3 Re4 53. Bb4 Rxh4 54. Kxa4 Rg4 55. Ka5 Rxg5+ 56. Ka6 h5 57. Be7 Rf5 58. b4 g5 59. b5 g4 60. b6 Re5 61. b7 Re6+ 62. Kb5 Re1 63. b8=Q Rb1+ 64. Bb4 g3 65. Qf8+ Kg2 66. Qg7 Rf1 67. Qg5 Rf3 68. Qxh5 Kf2 69. Bc5+ Ke2 70. Qe5+ Kf1 71. Qa1+ Kg2 72. Qg1+ Kh3 73. Qh1+ Kg4 74. Qg2 1-0


[Site "https://www.chess.com"]

[Event "Titled Tuesday Blitz August 17 2021"]
[White "Atabayev, Saparmyrat"]
[Black "Aung Thant Zin"]
[WhiteFideId "14000571"]
[BlackFideId "13000063"]
[WhiteElo "2483"]
[BlackElo "2278"]
[Result "1-0"]
[Round "03"]
[TimeControl "180+1"]
[Date "2021.08.17"]
[WhiteClock "0:00:35"]
[BlackClock "0:00:04"]

1. e4 c5 2. Nf3 Nc6 3. d4 cxd4 4. Nxd4 Nf6 5. Nc3 d6 6. Bg5 e6 7. Qd2 a6 8. O-O-O h6 9. Be3 Bd7 10. f3 Be7 11. g4 b5 12. Nxc6 Bxc6 13. Bd3 b4 14. Ne2 d5 15. Nd4 Bb7 16. e5 Nd7 17. f4 Bc5 18. f5 Nxe5 19. fxe6 Nxd3+ 20. Qxd3 O-O 21. Rhf1 Bxd4 22. exf7+ Rxf7 23. Qxd4 Qe7 24. Rxf7 Kxf7 25. Bd2 a5 26. Re1 Qd7 27. g5 hxg5 28. Bxg5 Rc8 29. Rf1+ Kg8 30. Rg1 Qf5 31. Qd2 Rf8 32. Bh6 Qf1+ 33. Qd1 Qxd1+ 34. Kxd1 Rf7 35. Kd2 Kh7 36. Be3 Re7 37. Bb6 a4 38. Bd4 Re4 39. Rxg7+ Kh6 40. Rxb7 Rxd4+ 41. Ke3 Rh4 42. Kd3 Kg5 43. Rb5 Kf6 44. Rxd5 Rxh2 45. Rb5 Rh4 46. Ra5 1-0


[Site "https://www.chess.com"]

[Event "Titled Tuesday Blitz August 17 2021"]
[White "Babiy, Olga"]
[Black "Idani, Pouya"]
[WhiteFideId "14117258"]
[BlackFideId "12510130"]
[WhiteElo "2253"]
[BlackElo "2610"]
[Result "1-0"]
[Round "03"]
[TimeControl "180+1"]
[Date "2021.08.17"]
[WhiteClock "0:00:10"]
[BlackClock "0:00:07"]

1. d4 Nf6 2. Nf3 g6 3. Nc3 Bg7 4. e4 d6 5. Bg5 O-O 6. Qd2 c6 7. Bd3 Qc7 8. Bh6 e5 9. h3 Nbd7 10. O-O-O b5 11. g4 a5 12. Ne2 exd4 13. Nfxd4 Nc5 14. Bxg7 Kxg7 15. Ng3 Kg8 16. Qh6 Ne8 17. Ngf5 Ne6 18. Nxc6 f6 19. Nce7+ Kh8 20. Nxg6+ Kg8 21. Nfe7+ Kf7 22. Nd5 Qc5 23. Nxf8 Nxf8 24. Qh5+ Ng6 25. Qxh7+ Ng7 26. Qh6 Be6 27. Qe3 Bxd5 28. Qxc5 dxc5 29. exd5 Ne5 30. Bxb5 Rb8 31. c4 Ng6 32. f4 Nxf4 33. Rhf1 Ng6 34. g5 f5 35. Rde1 Ne7 36. h4 Ng6 37. Re2 Nxh4 38. d6 Rd8 39. d7 Ng6 40. Rd2 Ne6 41. Rxf5+ Ke7 42. Rf6 Ngf4 43. Rf2 Nd3+ 44. Kc2 Nxf2 45. Rxf2 Nd4+ 46. Kc3 Rg8 47. Rg2 Rg6 48. Rg4 Rd6 49. Re4+ Kf7 50. Re8 Ne6 51. Ra8 Kg6 52. Rb8 Kxg5 53. a3 Kf6 54. Ra8 Ke5 55. Rxa5 Ke4 56. Ra8 Rd3+ 57. Kc2 Nd4+ 58. Kb1 Ne6 59. Ka2 Kf5 60. Re8 Kf6 61. a4 Kf7 62. a5 Rd6 63. a6 Nc7 64. d8=Q Nxe8 65. Qb8 Kf6 66. Qb7 Ke5 67. a7 Nf6 68. a8=Q Kd4 69. Qe7 Rb6 70. Qad8+ Nd5 71. Qxb6 Nxb6 72. Qd6+ Ke4 73. Qxb6 Kd4 74. Qd6+ 1-0


[Site "https://www.chess.com"]

[Event "Titled Tuesday Blitz August 17 2021"]
[White "Bacrot, Etienne"]
[Black "Fernandez Hernandez, Arturo A."]
[WhiteFideId "605506"]
[BlackFideId "3509230"]
[WhiteElo "2796"]
[BlackElo "2552"]
[Result "1-0"]
[Round "03"]
[TimeControl "180+1"]
[Date "2021.08.17"]
[WhiteClock "0:00:04"]
[BlackClock "0:00:10"]

1. e4 e5 2. Nf3 Nc6 3. Bb5 a6 4. Ba4 g6 5. h4 h6 6. c3 Bg7 7. d4 exd4 8. cxd4 b5 9. Bb3 d6 10. Be3 Nge7 11. Nbd2 Bg4 12. Qc1 Nb4 13. O-O O-O 14. a3 Nbc6 15. Nh2 Bd7 16. Ndf3 Rc8 17. Bxh6 Nxd4 18. Nxd4 Bxd4 19. Rd1 Bg7 20. Qe3 Kh7 21. Bxg7 Kxg7 22. e5 Nf5 23. Qc3 f6 24. e6 Be8 25. Nf3 Rh8 26. e7 Qxe7 27. Re1 Qf8 28. Ng5 Bd7 29. Be6 Qd8 30. Nf7 Qe7 31. Bxd7 Qxd7 32. Nxh8 Rxh8 33. g3 c5 34. Re4 Nd4 35. Rae1 Qf5 36. Re7+ Kh6 37. Qc1+ g5 38. Rf7 Nf3+ 39. Kf1 Nxe1 40. Qxe1 Kg6 41. Qe7 Kh5 42. Kg2 Kg4 43. Qe2+ 1-0


[Site "https://www.chess.com"]

[Event "Titled Tuesday Blitz August 17 2021"]
[White "Batsuren, Dambasuren"]
[Black "Ortiz Verdezoto, Anahi"]
[WhiteFideId "4902920"]
[BlackFideId "3614581"]
[WhiteElo "2371"]
[BlackElo "1755"]
[Result "1-0"]
[Round "03"]
[TimeControl "180+1"]
[Date "2021.08.17"]
[WhiteClock "0:01:51"]
[BlackClock "0:00:38"]

1. c4 Nf6 2. Nc3 c5 3. Nf3 b6 4. g3 Bb7 5. Bg2 Nc6 6. O-O d6 7. d4 cxd4 8. Nxd4 Qd7 9. b3 e6 10. Bb2 Be7 11. Rc1 O-O 12. e4 Rfd8 13. Nc2 Rac8 14. Qe2 Qc7 15. Rfd1 Qb8 16. h3 Rc7 17. g4 h6 18. f4 d5 19. cxd5 exd5 20. e5 Bc5+ 21. Kh1 d4 22. exf6 dxc3 23. Bxc3 Nd4 24. Nxd4 Bxd4 25. Bxd4 Bxg2+ 26. Kxg2 Qb7+ 27. Qf3 Qxf3+ 28. Kxf3 Rxc1 29. Rxc1 Rxd4 30. Rc8+ Kh7 31. Rc7 gxf6 32. Rxf7+ Kg6 33. Rxa7 Rd3+ 34. Ke4 Rxh3 35. f5+ Kg5 36. Rg7+ Kh4 37. Rg6 Rh2 38. Rxh6+ Kg3 39. Rxh2 Kxh2 40. g5 fxg5 41. f6 g4 42. f7 g3 43. f8=Q g2 1-0


[Site "https://www.chess.com"]

[Event "Titled Tuesday Blitz August 17 2021"]
[White "Bethke, Richard"]
[Black "Petrovskyi, Vadym"]
[WhiteFideId "12959243"]
[BlackFideId "14165210"]
[WhiteElo "2439"]
[BlackElo "2334"]
[Result "0-1"]
[Round "03"]
[TimeControl "180+1"]
[Date "2021.08.17"]
[WhiteClock "0:00:19"]
[BlackClock "0:00:08"]

1. e4 c5 2. Nf3 d6 3. d4 cxd4 4. Nxd4 Nf6 5. Nc3 a6 6. Be3 Ng4 7. Bg5 h6 8. Bh4 g5 9. Bg3 Bg7 10. Qd2 Nc6 11. Nb3 Nge5 12. h4 g4 13. O-O-O Be6 14. Nd5 Rc8 15. Be2 b5 16. f4 gxf3 17. gxf3 Nc4 18. Bxc4 bxc4 19. Na1 Ne5 20. Bxe5 Bxe5 21. c3 Qa5 22. Kb1 Bxd5 23. Qxd5 Qxd5 24. Rxd5 Rg8 25. Nc2 Rg2 26. Ne3 Re2 27. Nd1 Rb8 28. Rg1 Kd7 29. Rg4 Rh2 30. f4 h5 31. Rg5 Bxf4 32. Rxh5 Bg3 33. e5 Rxh4 34. Rxh4 Bxh4 35. exd6 e6 36. Rd4 Bf6 37. Rf4 Be5 38. Rxf7+ Kxd6 39. Kc2 Rh8 40. Rf2 Kc5 41. Ne3 Rh3 42. Re2 Bd6 43. b4+ cxb3+ 44. axb3 e5 45. b4+ Kb5 46. Kb3 e4 47. Rd2 Bxb4 48. Nd5 Bc5 49. Re2 e3 50. c4+ Kc6 51. Kc3 a5 52. Kd3 a4 53. Ra2 e2+ 54. Kd2 Rh1 0-1


[Site "https://www.chess.com"]

[Event "Titled Tuesday Blitz August 17 2021"]
[White "Bortnyk, Olexandr"]
[Black "Garriga Cazorla, Pere"]
[WhiteFideId "14120828"]
[BlackFideId "32011601"]
[WhiteElo "2723"]
[BlackElo "2430"]
[Result "1-0"]
[Round "03"]
[TimeControl "180+1"]
[Date "2021.08.17"]
[WhiteClock "0:00:03"]
[BlackClock "0:00:18"]

1. e4 c5 2. c3 Nf6 3. e5 Nd5 4. d4 cxd4 5. Nf3 d6 6. cxd4 Nc6 7. Bc4 e6 8. O-O Be7 9. Qe2 O-O 10. Rd1 b6 11. Nc3 Nxc3 12. bxc3 dxe5 13. dxe5 Qc7 14. Bd3 Bb7 15. h4 Rfd8 16. Bf4 Rd7 17. Qe4 g6 18. Qe2 Rad8 19. h5 Na5 20. Rac1 Nc4 21. Nd4 b5 22. Qg4 Nxe5 23. Qg3 Bd6 24. hxg6 Nxg6 25. Bxd6 Qxd6 26. Bxb5 Qxg3 27. fxg3 Rd6 28. Re1 Rc8 29. a4 a6 30. Bf1 Kg7 31. Nb3 Rc7 32. c4 Rb6 33. Rc3 Rb4 34. a5 Ne7 35. Rec1 Bc6 36. g4 Bb7 37. Be2 Ng6 38. Kf2 Ne5 39. Nd2 h6 40. R1c2 Ra4 41. Nb3 Nc6 42. Nc5 Rxa5 43. Nxb7 Rxb7 44. Bf3 Rc7 45. Rd2 Ne5 46. Be2 Rac5 47. Rd4 a5 48. Re4 Nc6 49. Ra3 Nb4 50. Ra1 Rd7 51. Ra3 Rd2 52. Ra4 Rb2 53. Kg3 Nc6 54. Bf3 Ne5 55. Be2 Kf6 56. Ra3 Kg5 57. Ra4 Rb3+ 58. Kf2 f5 59. gxf5 exf5 60. Rd4 Rb2 61. Rd5 Rxc4 62. Raxa5 Ng4+ 63. Ke1 Re4 64. Rxf5+ Kh4 65. Rh5+ Kg3 66. Kf1 Rbxe2 67. Rh3+ Kf4 68. Rf3# 1-0


[Site "https://www.chess.com"]

[Event "Titled Tuesday Blitz August 17 2021"]
[White "Chernobay, Artem"]
[Black "Goltsev, Dmitry"]
[WhiteFideId "4167406"]
[BlackFideId "24176710"]
[WhiteElo "2480"]
[BlackElo "2369"]
[Result "1-0"]
[Round "03"]
[TimeControl "180+1"]
[Date "2021.08.17"]
[WhiteClock "0:00:10"]
[BlackClock "0:00:03"]

1. d4 Nf6 2. c4 e6 3. Nf3 Bb4+ 4. Nbd2 Qe7 5. a3 Bxd2+ 6. Qxd2 b6 7. e3 Bb7 8. Be2 Ne4 9. Qc2 a5 10. b3 d6 11. O-O Nd7 12. Bb2 f5 13. d5 e5 14. Nd2 Nxd2 15. Qxd2 O-O 16. Rae1 Nc5 17. b4 axb4 18. axb4 Ne4 19. Qc1 Ra2 20. Bd3 g6 21. Bb1 Ra4 22. f3 Nf6 23. Qd2 b5 24. Bc2 Ra7 25. cxb5 Bxd5 26. f4 Qe6 27. fxe5 dxe5 28. Qc3 Re8 29. Bd3 Be4 30. Bc4 Bd5 31. Bd3 Ne4 32. Bxe4 Bxe4 33. Rd1 Rb7 34. Rf2 Rxb5 35. Qxc7 Rxb4 36. Rd7 Qc4 37. Rg7+ Kf8 38. Ba3 Qxc7 39. Rxc7 Rb8 40. Rc4 Kg7 41. Bxb4 Rd8 42. h3 Rd1+ 43. Kh2 Rd3 44. Bc5 Rb3 45. Bd6 Kf6 46. Bc5 Ke6 47. Rd2 Bd5 48. Ra4 Be4 49. Rd6+ Kf7 50. Ra7+ Ke8 51. Re6+ Kd8 52. Bb6+ Rxb6 53. Rxb6 Kc8 54. Rf6 f4 55. Rf8# 1-0


[Site "https://www.chess.com"]

[Event "Titled Tuesday Blitz August 17 2021"]
[White "Chernov, Mikhail"]
[Black "Krysa, Leandro"]
[WhiteFideId "24143170"]
[BlackFideId "116807"]
[WhiteElo "2244"]
[BlackElo "2490"]
[Result "0-1"]
[Round "03"]
[TimeControl "180+1"]
[Date "2021.08.18"]
[WhiteClock "0:00:09"]
[BlackClock "0:00:09"]

1. e4 c5 2. Nf3 e6 3. d4 cxd4 4. Nxd4 a6 5. Be2 Nf6 6. Nc3 d6 7. O-O b5 8. Be3 Bb7 9. f3 Nbd7 10. Kh1 Be7 11. Qe1 b4 12. Na4 d5 13. Qg3 dxe4 14. Qxg7 Rg8 15. Qh6 Rg6 16. Qh3 Qa5 17. b3 Qh5 18. Qxh5 Nxh5 19. fxe4 Nhf6 20. Rae1 Bxe4 21. Bf3 Bxf3 22. Rxf3 Nd5 23. Bg1 Bd6 24. Nb2 Be5 25. Nc4 Bxd4 26. Bxd4 Kf8 27. Nd6 f5 28. h3 Kg8 29. Nc4 Rf8 30. Be5 h5 31. Bd6 Rc8 32. Kh2 Kh7 33. Bg3 Rcg8 34. Re2 Nc5 35. Be1 Ne4 36. Ne5 R6g7 37. Nd3 a5 38. Nf4 Nxf4 39. Rxf4 Rc8 40. Rh4 Kg6 41. g4 Rgc7 42. gxf5+ exf5 43. Rg2+ Kf6 44. Rxh5 Rxc2 45. Rh6+ Ke5 46. Ra6 Rxg2+ 47. Kxg2 Rc2+ 48. Kf1 Rxa2 49. Ra8 Kf4 50. h4 Ng3+ 51. Bxg3+ Kxg3 52. h5 Kf3 53. Kg1 Kg3 54. Kf1 Rh2 55. Rxa5 Rxh5 56. Rb5 Rh1+ 57. Ke2 f4 58. Rg5+ Kh4 59. Rg8 Rb1 60. Kf2 Rxb3 61. Rf8 Kg4 62. Rg8+ Kf5 63. Rf8+ Ke5 64. Re8+ Kd4 65. Rd8+ Kc4 66. Rc8+ Kd3 67. Kf3 Kd2+ 68. Kxf4 Rc3 69. Rd8+ Kc2 70. Ke4 b3 71. Rh8 b2 72. Rh2+ Kb3 0-1


[Site "https://www.chess.com"]

[Event "Titled Tuesday Blitz August 17 2021"]
[White "Damjanovic, Vladimir"]
[Black "Yilmaz, Mustafa"]
[WhiteFideId "903795"]
[BlackFideId "6302718"]
[WhiteElo "2374"]
[BlackElo "2518"]
[Result "0-1"]
[Round "03"]
[TimeControl "180+1"]
[Date "2021.08.17"]
[WhiteClock "0:00:01"]
[BlackClock "0:00:23"]

1. e4 e5 2. Nf3 Nc6 3. Bb5 a6 4. Ba4 Nf6 5. d3 b5 6. Bb3 Bc5 7. Nc3 d6 8. Nd5 Nxd5 9. Bxd5 Bd7 10. Ng5 Qf6 11. O-O O-O 12. Qf3 Qg6 13. h4 Nd4 14. Qd1 c6 15. Bxf7+ Rxf7 16. Nxf7 Qxf7 17. Be3 Qg6 18. h5 Qg4 19. Qxg4 Bxg4 20. c3 Ne6 21. h6 Be2 22. Rfe1 Bxd3 23. hxg7 b4 24. Rad1 Bb5 25. Bxc5 dxc5 26. Rd6 Ng5 27. f3 Kxg7 28. Rd7+ Kf6 29. Kf2 Rh8 30. Red1 Ne6 31. Rc1 bxc3 32. Rxc3 c4 33. Rc1 Nc5 0-1


[Site "https://www.chess.com"]

[Event "Titled Tuesday Blitz August 17 2021"]
[White "Dang, Hoang Son"]
[Black "Rozhkov, Viacheslav"]
[WhiteFideId "12402435"]
[BlackFideId "4181484"]
[WhiteElo "2248"]
[BlackElo "2324"]
[Result "1-0"]
[Round "03"]
[TimeControl "180+1"]
[Date "2021.08.17"]
[WhiteClock "0:00:37"]
[BlackClock "0:00:08"]

1. d4 d5 2. c4 dxc4 3. Nf3 Nf6 4. e3 e6 5. Bxc4 a6 6. O-O c5 7. b3 b5 8. Be2 Bb7 9. a4 b4 10. Nbd2 Nbd7 11. Nc4 Rc8 12. Bb2 Qc7 13. Rc1 Qb8 14. Nfe5 Nxe5 15. dxe5 Nd5 16. Nd6+ Bxd6 17. exd6 O-O 18. e4 Nf4 19. Bc4 Ng6 20. e5 Nf4 21. Qg4 Nxg2 22. Rfd1 Qa8 23. Rd3 h5 24. Qg5 h4 25. h3 Be4 26. Rd2 Rcd8 27. Bf1 f6 28. exf6 1-0


[Site "https://www.chess.com"]

[Event "Titled Tuesday Blitz August 17 2021"]
[White "Demchenko, Anton"]
[Black "Estrada Nieto, Julian"]
[WhiteFideId "4160258"]
[BlackFideId "5101018"]
[WhiteElo "2583"]
[BlackElo "2270"]
[Result "1-0"]
[Round "03"]
[TimeControl "180+1"]
[Date "2021.08.17"]
[WhiteClock "0:01:27"]
[BlackClock "0:00:14"]

1. e4 e5 2. Nf3 Nc6 3. Bc4 Bc5 4. d3 d6 5. Nc3 Nf6 6. Na4 Bb6 7. c3 O-O 8. O-O Be6 9. Bxe6 fxe6 10. Nxb6 axb6 11. a4 Qe8 12. b4 Ne7 13. h3 Ng6 14. Be3 h6 15. c4 Nh5 16. Kh2 Nhf4 17. Ng1 Ne7 18. g3 Nfg6 19. Qg4 Qf7 20. a5 bxa5 21. bxa5 Nc6 22. Bd2 Nd4 23. Ra2 Kh7 24. Bc3 Nf3+ 25. Nxf3 Qxf3 26. Qxf3 Rxf3 27. Rd1 Ne7 28. Kg2 Rff8 29. Rb2 Ra7 30. Rdb1 Rb8 31. f4 Nc6 32. Rb5 exf4 33. gxf4 Nxa5 34. Rxa5 1-0


[Site "https://www.chess.com"]

[Event "Titled Tuesday Blitz August 17 2021"]
[White "Demidov, Mikhail"]
[Black "Bodnar, Nikolay"]
[WhiteFideId "4197143"]
[BlackFideId "14106469"]
[WhiteElo "2559"]
[BlackElo "2296"]
[Result "1/2-1/2"]
[Round "03"]
[TimeControl "180+1"]
[Date "2021.08.17"]
[WhiteClock "0:00:10"]
[BlackClock "0:00:09"]

1. Nf3 Nf6 2. g3 g6 3. b3 Bg7 4. Bb2 O-O 5. Bg2 d5 6. c4 dxc4 7. bxc4 c5 8. O-O Nc6 9. d3 Re8 10. Nc3 Nd4 11. Rb1 Bg4 12. Nd2 Rb8 13. h3 Bd7 14. e3 Nc6 15. Qe2 Qc8 16. Kh2 Rd8 17. Rfd1 Bf5 18. Nde4 Nxe4 19. dxe4 Be6 20. Nd5 Bxb2 21. Rxb2 Rd7 22. f4 f6 23. Qc2 Bf7 24. Qc3 Qd8 25. Rbd2 Kf8 26. h4 Bxd5 27. exd5 Nb4 28. e4 Kg7 29. e5 Qf8 30. a3 Na6 31. Bh3 Rdd8 32. d6 exd6 33. Rxd6 f5 34. Qa5 Rxd6 35. Rxd6 Qe7 36. Bg2 Rc8 37. Bd5 Kh6 38. Kh3 Nc7 39. Bxb7 Rb8 40. Qxa7 Na6 41. Qxa6 Rxb7 42. Qa5 Rb1 43. Qxc5 Qb7 44. Qd5 Qb2 45. Rd7 Qf2 46. Rxh7+ Kxh7 47. Qf7+ Kh6 48. Qf8+ Kh7 49. Qf7+ Kh6 50. Qf8+ Kh7 51. Qf7+ 1/2-1/2


[Site "https://www.chess.com"]

[Event "Titled Tuesday Blitz August 17 2021"]
[White "Djordjevic, Vuk"]
[Black "Zhigalko, Sergei"]
[WhiteFideId "902098"]
[BlackFideId "13502956"]
[WhiteElo "2463"]
[BlackElo "2662"]
[Result "0-1"]
[Round "03"]
[TimeControl "180+1"]
[Date "2021.08.17"]
[WhiteClock "0:00:05"]
[BlackClock "0:00:04"]

1. d4 Nf6 2. Bg5 e6 3. e4 h6 4. Bxf6 Qxf6 5. c3 g6 6. e5 Qe7 7. f4 Bg7 8. Nf3 d6 9. Bd3 O-O 10. Qe2 c5 11. O-O Nc6 12. dxc5 dxe5 13. Qf2 exf4 14. Nbd2 e5 15. Rfe1 Be6 16. Nc4 Rad8 17. Nd6 f5 18. Bb5 e4 19. Nd2 g5 20. Rad1 Ne5 21. N2xe4 fxe4 22. Rxe4 Bxa2 23. Rde1 Rxd6 24. cxd6 Qxd6 25. c4 Nd3 26. Qd2 Qc5+ 27. Kh1 Nf2+ 0-1


[Site "https://www.chess.com"]

[Event "Titled Tuesday Blitz August 17 2021"]
[White "Drygalov, Sergey"]
[Black "Shapiro, David"]
[WhiteFideId "24171743"]
[BlackFideId "24133523"]
[WhiteElo "2514"]
[BlackElo "2234"]
[Result "1-0"]
[Round "03"]
[TimeControl "180+1"]
[Date "2021.08.17"]
[WhiteClock "0:01:10"]
[BlackClock "0:00:55"]

1. e4 c6 2. d4 d5 3. exd5 cxd5 4. Bd3 Nc6 5. c3 Qc7 6. h3 g6 7. Nf3 Nf6 8. O-O Bg7 9. Re1 Bf5 10. Bf1 O-O 11. Nbd2 Rab8 12. a4 a6 13. Nb3 Rfe8 14. a5 Nb4 15. cxb4 Bc2 16. Bf4 Bxd1 17. Bxc7 Bxb3 18. Bxb8 Rxb8 19. Rac1 e6 20. b5 Bf8 21. bxa6 bxa6 22. Bxa6 Bb4 23. Rc8+ Rxc8 24. Bxc8 Bxa5 25. Ra1 Bc7 26. Ra8 Kg7 27. Ra7 1-0


[Site "https://www.chess.com"]

[Event "Titled Tuesday Blitz August 17 2021"]
[White "Duboue, Peio"]
[Black "Maze, Sebastien"]
[WhiteFideId "654833"]
[BlackFideId "613762"]
[WhiteElo "2418"]
[BlackElo "2462"]
[Result "0-1"]
[Round "03"]
[TimeControl "180+1"]
[Date "2021.08.18"]
[WhiteClock "0:00:04"]
[BlackClock "0:00:56"]

1. e4 c5 2. c3 d6 3. d4 Nf6 4. Bd3 Nc6 5. d5 Nb8 6. c4 g6 7. Nc3 Bg7 8. f4 e6 9. Nf3 exd5 10. cxd5 O-O 11. O-O Bg4 12. h3 Bxf3 13. Qxf3 Nbd7 14. Bd2 a6 15. Rae1 Re8 16. g4 b5 17. Qg3 c4 18. Bb1 Nc5 19. a3 Rb8 20. Qf3 Nfd7 21. Nd1 a5 22. Bc3 b4 23. Bxg7 Kxg7 24. Ne3 Qf6 25. Rf2 bxa3 26. bxa3 Rb3 27. Qg2 Qd4 28. Rd2 Nd3 29. Bxd3 Rxd3 30. Rxd3 cxd3 31. Qf2 Rxe4 0-1


[Site "https://www.chess.com"]

[Event "Titled Tuesday Blitz August 17 2021"]
[White "Durarbayli, Vasif"]
[Black "Silva, Kevin Ranidu"]
[WhiteFideId "13402935"]
[BlackFideId "9935258"]
[WhiteElo "2522"]
[BlackElo "1626"]
[Result "1-0"]
[Round "03"]
[TimeControl "180+1"]
[Date "2021.08.17"]
[WhiteClock "0:01:08"]
[BlackClock "0:00:27"]

1. d4 g6 2. c4 Bg7 3. Nf3 d6 4. Nc3 a6 5. e4 e6 6. Be2 b6 7. O-O Bb7 8. Bg5 Ne7 9. d5 e5 10. b4 h6 11. Be3 O-O 12. c5 f5 13. c6 Bc8 14. a4 f4 15. Bd2 g5 16. Ne1 Kh8 17. Bh5 Nbxc6 18. dxc6 Nxc6 19. Nc2 Be6 20. Bg4 Bg8 21. b5 Ne7 22. Nb4 Bc4 23. Re1 Ng8 24. Nc6 Qe8 25. Nd5 Bxd5 26. exd5 Nf6 27. Be6 g4 28. Bxg4 Qg6 29. Be6 f3 30. Qxf3 e4 31. Qg3 Qh7 32. Ne7 1-0


[Site "https://www.chess.com"]

[Event "Titled Tuesday Blitz August 17 2021"]
[White "Esipenko, Andrey"]
[Black "Karttunen, Mika"]
[WhiteFideId "24175439"]
[BlackFideId "502081"]
[WhiteElo "2595"]
[BlackElo "2343"]
[Result "1-0"]
[Round "03"]
[TimeControl "180+1"]
[Date "2021.08.17"]
[WhiteClock "0:00:50"]
[BlackClock "0:00:12"]

1. d4 Nf6 2. Nf3 g6 3. Nc3 d5 4. Bg5 Nbd7 5. e3 Bg7 6. Ne5 O-O 7. f4 c5 8. a3 cxd4 9. exd4 Nb6 10. Bd3 Bd7 11. O-O Rc8 12. Qe2 Bf5 13. g4 Bxd3 14. cxd3 Nbd7 15. f5 Qb6 16. Be3 Qd6 17. Bf2 a6 18. Rae1 Nb8 19. Bg3 Qd8 20. g5 Nh5 21. fxg6 hxg6 22. Nxf7 Nxg3 23. hxg3 Qd7 24. Ne5 Qe6 25. Rxf8+ Rxf8 26. Qg2 Nc6 27. Qxd5 Qxd5 28. Nxd5 Bxe5 29. dxe5 Rd8 30. Nf4 Kg7 31. Ne6+ Kf7 32. Nxd8+ Nxd8 33. d4 Ke6 34. Kf2 Kd5 35. Ke3 Ne6 36. Rc1 Nxg5 37. Rc7 Ke6 38. Rxb7 1-0


[Site "https://www.chess.com"]

[Event "Titled Tuesday Blitz August 17 2021"]
[White "Eternauta2400"]
[Black "Shimanov, Aleksandr"]
[BlackFideId "4198603"]
[WhiteElo "2540"]
[BlackElo "2596"]
[Result "1/2-1/2"]
[Round "03"]
[TimeControl "180+1"]
[Date "2021.08.17"]
[WhiteClock "0:00:12"]
[BlackClock "0:00:07"]

1. e4 c5 2. c3 d5 3. exd5 Qxd5 4. d4 g6 5. dxc5 Qxc5 6. Be3 Qc7 7. Na3 a6 8. Nc4 Nd7 9. a4 Nh6 10. Qb3 Nf5 11. Bb6 Nxb6 12. Nxb6 Rb8 13. Nxc8 Rxc8 14. Nf3 Bg7 15. Be2 O-O 16. O-O Nd6 17. Rfd1 Rb8 18. a5 b5 19. axb6 Rxb6 20. Qc2 Rfb8 21. Ra2 Qb7 22. b4 Rc6 23. Nd4 Bxd4 24. Rxd4 Qc7 25. Ra3 Rc8 26. Bxa6 Rxc3 27. Rxc3 Qxc3 28. Qxc3 Rxc3 29. g3 Rb3 30. h4 h5 31. Kg2 Kg7 32. Be2 Kf6 33. Rf4+ Ke5 34. Bf3 f6 35. Bc6 Rb2 36. Bd7 Kd5 37. g4 Ke5 38. gxh5 gxh5 39. Rf3 Rxb4 40. Re3+ Re4 41. Rxe4+ Kxe4 42. Be8 Nf5 43. Bxh5 Nxh4+ 44. Kf1 Kf4 45. Bd1 Nf5 46. Ba4 Nd4 47. Bd1 e5 48. Ba4 e4 49. Bd1 f5 50. Ba4 Ke5 51. Bd7 f4 52. Ba4 f3 53. Bd1 Kf4 54. Ba4 Nf5 55. Bc6 Nd4 56. Ba8 Ne6 57. Bd5 Ng5 58. Bb7 Ke5 59. Ba8 Kd4 60. Bb7 Ne6 61. Ba8 Nf4 62. Bb7 Nd5 63. Ba8 Nc3 64. Bb7 Nb5 65. Bc6 Nd6 66. Ba8 Kc5 67. Ke1 Kc4 68. Kd2 Kd4 69. Ke1 Nc4 70. Bb7 Nb6 71. Bc6 Nd5 72. Ba8 Nf4 73. Kf1 Kd3 74. Bb7 Ng6 75. Ba6+ Kd4 76. Bb7 Ne5 77. Ba8 Nc4 78. Bb7 Nd2+ 79. Ke1 Kd3 80. Ba6+ Kc3 81. Bb7 Kd3 82. Ba6+ Kc2 83. Bb7 Kc1 84. Ba8 Kc2 85. Bb7 Kc3 86. Ba8 Kd3 87. Bb7 Nb1 88. Ba6+ Kd4 89. Bb7 Nc3 90. Kf1 Kd3 91. Ba8 Kd2 92. Bb7 Kd3 93. Ba8 Ne2 94. Bb7 Nf4 95. Ba6+ Kd2 96. Bb7 Kd3 97. Ba6+ Kd4 98. Bb7 Nh3 99. Ba6 e3 100. fxe3+ Kxe3 101. Bc8 Nf4 102. Bg4 f2 103. Bd1 Ne6 104. Bb3 Nc5 105. Bc2 Ne4 106. Bxe4 Kxe4 107. Kxf2 1/2-1/2


[Site "https://www.chess.com"]

[Event "Titled Tuesday Blitz August 17 2021"]
[White "Fajdetic, Hrvoje"]
[Black "Cunha, Lucas Aguiar"]
[WhiteFideId "14501945"]
[BlackFideId "2125404"]
[WhiteElo "2153"]
[BlackElo "2361"]
[Result "0-1"]
[Round "03"]
[TimeControl "180+1"]
[Date "2021.08.18"]
[WhiteClock "0:00:04"]
[BlackClock "0:00:04"]

1. d4 Nf6 2. Bf4 d5 3. e3 c5 4. Nc3 a6 5. dxc5 Nc6 6. Nf3 Bg4 7. Be2 e6 8. Na4 Ne4 9. O-O Nxc5 10. Nxc5 Bxc5 11. Ne5 Bxe2 12. Qxe2 O-O 13. c4 Nxe5 14. Bxe5 dxc4 15. Qxc4 Rc8 16. Qg4 g6 17. Qf4 Re8 18. Rfd1 Qe7 19. b4 Bxb4 20. Rab1 Bc3 21. Bd6 Qd7 22. Be5 Bxe5 23. Qxe5 Qc7 24. Qf6 Red8 25. Re1 Rd5 26. g4 b5 27. Rbc1 Rc5 28. Rcd1 Rc4 29. h3 Qc6 30. Rd2 Rc1 31. Red1 Rxd1+ 32. Rxd1 Qc7 33. h4 Qc4 34. f3 Qc5 35. Rd4 Qc7 36. Kg2 Qc2+ 37. Kg3 Qc7+ 38. Kf2 Qb6 39. h5 Qc5 40. h6 Qf8 41. Rd7 Rc2+ 42. Kg3 Rc8 43. g5 Re8 44. f4 e5 45. f5 gxf5 46. Qxf5 Re6 47. Qf3 Qe8 48. Qb7 Rg6 49. e4 Rxg5+ 50. Kh4 Rg6 51. Rd8 Qxd8+ 0-1


[Site "https://www.chess.com"]

[Event "Titled Tuesday Blitz August 17 2021"]
[White "Fernandez, Michael"]
[Black "Yeletsky, Ivan"]
[WhiteFideId "5803560"]
[BlackFideId "24180327"]
[WhiteElo "2110"]
[BlackElo "2344"]
[Result "0-1"]
[Round "03"]
[TimeControl "180+1"]
[Date "2021.08.17"]
[WhiteClock "0:00:12"]
[BlackClock "0:01:03"]

1. b4 e6 2. Bb2 Nf6 3. b5 d5 4. e3 c5 5. Nf3 a6 6. a4 Bd6 7. c4 O-O 8. Be2 Nbd7 9. Nc3 Ne5 10. Nxe5 Bxe5 11. d4 cxd4 12. exd4 Bc7 13. c5 Bd7 14. O-O g6 15. Bc1 axb5 16. Bg5 bxa4 17. Nxa4 Kg7 18. Nb6 Rxa1 19. Qxa1 Bxb6 20. cxb6 Qxb6 21. Rb1 Qc7 22. Qa3 Re8 23. Qh3 Ne4 24. Bh6+ Kg8 25. Rc1 Qb6 26. Qe3 Rc8 27. Rxc8+ Bxc8 28. Bd3 Bd7 29. h3 f6 30. Bxe4 dxe4 31. Qf4 Kf7 32. Bg5 Qxd4 0-1


[Site "https://www.chess.com"]